 Dungeon Crawl Stone Soup version 0.29.0-4-gdea44cf6ec (webtiles) character file.

Game seed: 14207796079621569956

211 qw the Chopper (level 5, 0/30 HPs)
             Began as a Tengu Warper on Aug 28, 2022.
             Killed by divine providence
             ... invoked by an orc priest
              (13 damage)
             ... on level 2 of the Dungeon.
             The game lasted 00:00:09 (1727 turns).

qw the Chopper (Tengu Warper)                       Turns: 1727, Time: 00:00:09

Health: 0/30       AC:  3    Str: 14    XL:     5   Next: 88%
Magic:  9/9        EV: 14    Int: 13    God:
Gold:   81         SH:  0    Dex: 13    Spells: 8/8 levels left

rFire   . . .      SeeInvis .   Y - +0 hand axe (freeze)
rCold   . . .      Faith    .   (no shield)
rNeg    . . .      Spirit   .   b - +0 leather armour
rPois   .          Reflect  .   (helmet restricted)
rElec   .          Harm     .   (no cloak)
rCorr   .          Rampage  .   (no gloves)
Will    +....                   (boots unavailable)
Stlth   +.........              (no amulet)
HPRegen 0.10/turn               j - ring of willpower
MPRegen 0.11/turn               (no ring)

@: flying quickly and evasively, quick
A: beak, talons 3, nimble flight
a: no special abilities


You were on level 2 of the Dungeon.
You visited 1 branch of the dungeon, and saw 2 of its levels.

You collected 81 gold pieces.


Innate Abilities, Weirdness & Mutations

You have a beak for a mouth.
You have claws for feet.
Your magical nature lets you fly swiftly and evasively.


   Skills:
 - Level 2.0 Fighting
 + Level 6.5 Axes
 - Level 1.0 Throwing
 - Level 1.1 Armour
 - Level 2.1 Dodging
 - Level 2.0 Spellcasting
 - Level 2.4 Translocations


You had 8 spell levels left.
You didn't know any spells.
Your spell library contained the following spells:

 Spells                   Type           Power      Damage    Failure   Level
 Blink                    Tloc           14%        N/A       19%         2
 Gell's Gravitas          Tloc           7%         N/A       34%         3
 Lesser Beckoning         Tloc           7%         N/A       34%         3
 Teleport Other           Tloc           7%         N/A       34%         3
 Manifold Assault         Tloc           7%         N/A       97%         5

Inventory:

Hand Weapons
 n - a +0 whip
 Y - a +0 hand axe of freezing (weapon)
Armour
 b - a +0 leather armour (worn)
Jewellery
 j - a ring of willpower (left hand)
Scrolls
 a - a scroll of poison {unknown}
 e - a scroll of magic mapping {unknown}
 f - a scroll of identify
 g - a scroll of teleportation
Potions
 c - a potion of lignification {unknown}
 d - a potion of degeneration {unknown}
 h - a potion of cancellation {unknown}
 i - a potion of ambrosia {unknown}
 l - a potion of heal wounds

Dungeon Overview and Level Annotations

Branches:
Dungeon (2/15)

Altars:


Message History

Enter note:
Enter note:
Enter note:
1715 ||| Stepping ~*~*~tactically~*~*~ (hiding).
An orc priest comes into view. It is wielding a +0 short sword.
1717 ||| Stepping ~*~*~tactically~*~*~ (hiding).
1719 ||| Stepping ~*~*~tactically~*~*~ (hiding).
You barely miss the orc.
The orc hits you with a +2 vorpal hand axe.
You hit the orc. You freeze the orc. You claw the orc, but do no damage.
The orc is almost dead.
The orc closely misses you.
You barely miss the orc.
The orc is almost dead.
You barely miss the orc.
The orc hits you with a +2 vorpal hand axe.
You barely miss the orc.
The orc is almost dead.
You hit the orc. You freeze the orc. The orc hits you with a +0 dagger.
The orc misses you.
You barely miss the orc. You claw the orc.
You kill the orc!
You closely miss the orc priest. You closely miss the orc.
The orc priest hits you with a +0 club. The orc hits you with a +0 dagger.
You hit the orc but do no damage. Your peck misses the orc.
The orc is moderately wounded.
You barely miss the orc. You completely miss the orc priest.
The orc priest closely misses you. The orc closely misses you. x2
You hit the orc but do no damage. You claw the orc.
The orc is severely wounded.
You hit the orc. You freeze the orc.
You kill the orc!
You barely miss the orc priest. The orc priest hits you with a +0 club.
The orc barely misses you.
You closely miss the orc. You peck the orc, but do no damage.
The orc is severely wounded.
You barely miss the orc priest.
The orc priest invokes the aid of Beogh against you.
Beogh smites you!
You die... ...#..#. #....## oo.......

#..#### ........ #....##
..o.o... #.##.#.
...#..## #.##.#.
.......########.##...
########.........#......
.......)o.######.####...
.......@o## #.# #.#.
#######..# #.# #.#. #..#
#.# #.## #..# #.# ##.##
#..# #.# #...# #..#
#.###...#
#..#######.#......
#.................
######.#.>.....


You could see an orc priest and an orc.

Vanquished Creatures
  Sigmund (D:2)
  A worm (D:2)
  2 dart slugs (D:1)
  2 orcs (D:2)
  3 bats (D:1)
  3 endoplasms
  A giant cockroach (D:1)
  5 goblins
  A hobgoblin (D:2)
  3 jackals (D:1)
  2 quokkas (D:1)
  2 ball pythons
  A frilled lizard (D:2)
  A kobold (D:2)
  A rat (D:1)
29 creatures vanquished.

Notes
Turn   | Place    | Note
-------+----------+-------------------------------------------
     0 | D:1      | qw the Tengu Warper began the quest for the Orb.
     0 | D:1      | Reached XP level 1. HP: 12/12 MP: 4/4
     0 | D:1      | 0 ||| qw: Version: 0.1-a-89-g26bdef1
     0 | D:1      | 0 ||| qw: Game counter: 491
     0 | D:1      | 0 ||| qw: Always use a shield: true
     0 | D:1      | 0 ||| qw: God list: Okawaru
     0 | D:1      | 0 ||| qw: Allow faded altars: false
     0 | D:1      | 0 ||| qw: Do Orc after D:15 true
     0 | D:1      | 0 ||| qw: Do second Lair branch before Depths: true
     0 | D:1      | 0 ||| qw: Lair rune preference: random
     0 | D:1      | 0 ||| qw: Plans: Normal
     0 | D:1      | 0 ||| PLANNING D:1-11
    93 | D:1      | Reached XP level 2. HP: 17/17 MP: 6/6
   107 | D:1      | Reached skill level 3 in Axes
   108 | D:1      | 108 ||| Stepping ~*~*~tactically~*~*~ (hiding).
   210 | D:1      | 210 ||| Stepping ~*~*~tactically~*~*~ (hiding).
   312 | D:1      | 312 ||| Stepping ~*~*~tactically~*~*~ (hiding).
   689 | D:1      | 689 ||| DROPPING +0 club.
   765 | D:1      | Found a faded altar of an unknown god.
   869 | D:1      | 869 ||| Stepping ~*~*~tactically~*~*~ (hiding).
   971 | D:1      | 971 ||| Stepping ~*~*~tactically~*~*~ (hiding).
   980 | D:1      | Reached XP level 3. HP: 21/21 MP: 7/7
  1094 | D:1      | 1094 ||| UPGRADING to ring of willpower.
  1095 | D:1      | 1095 ||| READING scroll labelled BOMILLOIKO.
  1096 | D:1      | 1096 ||| READING scroll labelled GIOTOCZ INEB.
  1101 | D:1      | 1101 ||| READING scroll labelled QOORIK VITZIA.
  1102 | D:1      | 1102 ||| READING 2 scrolls labelled YXISEU NUAKO.
  1103 | D:1      | 1103 ||| READING scroll labelled TURGHU EKKA.
  1104 | D:1      | 1104 ||| READING scroll labelled NYTOOCHOIK.
  1105 | D:1      | 1105 ||| READING scroll labelled ERERI ACUNTU.
  1106 | D:1      | 1106 ||| DRINKING 2 silvery potions.
  1107 | D:1      | 1107 ||| DROPPING scroll of blinking.
  1108 | D:1      | 1108 ||| DROPPING scroll of summoning.
  1222 | D:2      | Reached skill level 4 in Axes
  1341 | D:2      | Noticed Sigmund
  1350 | D:2      | Killed Sigmund
  1351 | D:2      | Reached skill level 6 in Axes
  1351 | D:2      | Reached XP level 4. HP: 8/26 MP: 8/8
  1351 | D:2      | Gained mutation: Your magical nature lets you fly swiftly
                  | and evasively. [Tengu growth]
  1351 | D:2      | Reached XP level 5. HP: 10/30 MP: 9/9
  1715 | D:2      | 1715 ||| Stepping ~*~*~tactically~*~*~ (hiding).
  1717 | D:2      | 1717 ||| Stepping ~*~*~tactically~*~*~ (hiding).
  1719 | D:2      | 1719 ||| Stepping ~*~*~tactically~*~*~ (hiding).
  1727 | D:2      | Killed from afar by an orc priest

Levels and vault maps discovered:
D:1:      wander_arrival_estate, layout_rooms, shapermc_ecumenical_altar_gd,
          minivault_24
D:2:      cheibrodos_pilgrimage, layout_loops_ring, uniq_natasha, uniq_sigmund

Skill      XL: |  1  2  3 |
---------------+----------+-----
Axes           | 3 6 |  6.5
Fighting       | |  2.0
Throwing       | |  1.0
Armour         | |  1.1
Dodging        | |  2.1
Spellcasting   | |  2.0
Translocations | |  2.4

Action                   |  1- 3 |  4- 6 || total
-------------------------+-------+-------++-------
Melee: Hand axe          |    62 |     9 ||    71
       Kick              |    18 |     3 ||    21
       Peck              |     9 |     1 ||    10
       Punch             |     1 |       ||     1
Throw: Boomerang         |     7 |       ||     7
  Use: Scroll            |     7 |       ||     7
       Potion            |     1 |       ||     1
Armor: Leather armour    |    14 |       ||    14
Dodge: Dodged            |    34 |     6 ||    40

Table legend:
 A = Non-vault XP
 B = Vault XP
 C = Vault XP percentage of total XP
 D = Non-vault monster count
 E = Vault monster count
 F = Vault count percentage of total count
                 A         B        C        D         E       F
            +---------+---------+-------+---------+---------+-------
      Total |      53 |     249 |  82.5 |      26 |       3 |  10.3
            +---------+---------+-------+---------+---------+-------
        D:1 |      39 |       0 |   0.0 |      19 |       0 |   0.0
        D:2 |      14 |     249 |  94.7 |       7 |       3 |  30.0
            +---------+---------+-------+---------+---------+-------
